[Event "FIDE WSCC 65 2022"]
[Site "Assisi"]
[Date "2022.11.25"]
[Round "10.12"]
[White "Gaprindashvili, Nona"]
[Black "Peretz, Malkiel"]
[Result "1/2-1/2"]
[ECO "D41"]
[WhiteElo "2268"]
[BlackElo "2142"]
[Annotator "TA"]
[PlyCount "74"]
[EventDate "2022.11.14"]
[EventType "swiss"]
[EventCountry "ITA"]
[SourceTitle "playchess.com"]
[Source "ChessBase"]
[SourceQuality "1"]
[TimeControl "40/5400+30:1800+30"]

1. d4 Nf6 2. c4 e6 3. Nf3 d5 4. Nc3 c5 5. cxd5 cxd4 6. Qxd4 Nxd5 7. Nxd5 {[%emt 0:01:39] D41: Queen's Gambit Declined: Semi-Tarrasch with 5 cxd5.} ({White should try} 7. e4 $1 $14 Nc6 8. Bb5 Nxc3 9. Qxc3 (9. bxc3 Bd7 $11)) 7... Qxd5 (7... Nc6 $5 8. Qd3 Qxd5 $11) 8. Qxd5 exd5 9. Bd2 {[%emt 0:03:03] White has an edge.} Nc6 10. e3 {[%emt 0:01:26] [#]} Be7 $146 ({Predecessor:} 10... Bg4 11. Be2 Bc5 12. h3 Bh5 13. Bc3 O-O 14. Rd1 Rad8 15. a3 Bxf3 16. Bxf3 d4 17. exd4 Nxd4 {½-½ (24) Hoffman,A (2378)-De Oliveira,D (2019) Joao Pessoa 2022}) 11. Bc3 O-O 12. Rd1 Be6 13. a3 Rac8 14. Be2 Rfd8 15. O-O Nb8 16. Rc1 Nd7 17. Bd4 Bc5 18. h3 Bxd4 19. Nxd4 Nb6 20. Rfd1 Rxc1 21. Rxc1 Rc8 22. Rxc8+ Nxc8 $14 {[%emt 0:00:00][%mdl 4096] Endgame KBN-KBN} 23. f4 Nd6 24. Bd3 g6 25. g4 Bd7 26. Kf2 Kf8 27. Kg3 Ke7 28. h4 Nc4 29. Bxc4 dxc4 $11 {[%emt 0:00:00] KB-KN} 30. f5 b5 31. Kf4 a5 32. e4 Kd6 {[%emt 0:00:00] [#]} (32... b4 $11 {remains equal.}) 33. Nc2 $2 (33. e5+ $1 $16 Kd5 34. e6 fxe6 35. f6 (35. fxe6 Bxe6 36. Nxb5 Bd7 $17)) 33... h6 (33... Kc5 $15) 34. Ne3 (34. e5+ $11 Ke7 35. Nd4) 34... g5+ (34... Kc5 $1 $15 35. Nc2 b4) 35. hxg5 {[%emt 0:00:02] The position is equal.} hxg5+ 36. Kxg5 {[%emt 0:00:24] Strongly threatening Kf6.} Ke5 37. Nd5 Bc6 {[%emt 0:00:00] Weighted Error Value: White=0.23 (precise) /Black=0.18 (very precise)} 1/2-1/2

[Event "FIDE WSCC 65 2022"]
[Site "Assisi"]
[Date "2022.11.25"]
[Round "10.13"]
[White "Kiefer, Gerhard"]
[Black "Martorelli, Antonio"]
[Result "1-0"]
[ECO "B42"]
[WhiteElo "2260"]
[BlackElo "2134"]
[Annotator "TA"]
[PlyCount "65"]
[EventDate "2022.11.14"]
[EventType "swiss"]
[EventCountry "ITA"]
[SourceTitle "playchess.com"]
[Source "ChessBase"]
[SourceQuality "1"]
[TimeControl "40/5400+30:1800+30"]

1. e4 c5 2. Nf3 e6 3. d4 cxd4 4. Nxd4 a6 5. Bd3 Nf6 6. O-O d6 7. f4 Be7 8. Kh1 Nbd7 {[%emt 0:04:16] B42: Sicilian: Kan Variation: 5 Bd3.} 9. a4 O-O 10. Nc3 Qc7 (10... h6 $11) 11. Qf3 (11. g4 $1 $14) 11... Nc5 $11 12. Bd2 {[%emt 0:00:53] [#]} Re8 $146 ({Predecessor:} 12... Nxd3 13. cxd3 Qc5 14. Be3 Qh5 15. Qg3 Ng4 16. Bg1 e5 17. Nf5 Bxf5 18. exf5 Qxf5 {1-0 (43) Cubas,J (2451)-Perdomo,C (2351) Pinamar 2008}) 13. f5 e5 14. Nde2 Bd7 15. Bg5 (15. b4 $5 Nxd3 16. cxd3 $11) 15... Bc6 16. Bxf6 Bxf6 17. Ng3 Rab8 (17... Nxd3 $11 {keeps the balance.} 18. Qxd3 Rac8) 18. b4 (18. Nh5 $16) 18... Nxd3 19. cxd3 b6 (19... Kh8 $11 {remains equal.}) 20. Nh5 $16 {[%emt 0:00:35] Threatens to win with Nxf6+.} Qe7 21. b5 Ba8 (21... axb5 $16 22. axb5 Bb7) 22. Qg4 ({White should play} 22. bxa6 $18 {And now Rab1 would win.} Rbc8 23. Ne2) 22... Rec8 23. Ne2 {[%emt 0:01:50] White is much more active.} (23. Nd1 $16) 23... d5 {[%emt 0:02:44] [#]} ({Black should try} 23... axb5 $1 $14 24. axb5 Kh8) 24. Nxg7 $1 dxe4 (24... Bxg7 $2 25. f6 (25. bxa6 $2 {loses.} f6 $19) 25... Qf8 26. bxa6 $18 (26. Qxg7+ Qxg7 27. fxg7 dxe4 $17)) (24... Kh8 25. Nh5) 25. Nh5+ Kh8 26. dxe4 a5 (26... axb5 $16 {is a better defense.} 27. axb5 Rg8) 27. Nxf6 $18 Qxf6 28. Rac1 Rg8 29. Qf3 Qh4 30. Rc4 (30. Ng3 $16) 30... Rg4 $2 {[%emt 0:02:10] [#]} (30... Bd5 $17 {and life is bright.} 31. g3 Qg4 32. Qxg4 (32. exd5 Qxc4 33. d6 Rbd8 $17) 32... Rxg4) 31. Ng3 (31. Qc3 $1 $16 Rbg8 32. Rf4 (32. Qxe5+ $2 {perishes.} f6 $19)) 31... Rbg8 $1 $11 32. Kg1 Bd5 33. Rc2 {[%emt 0:12:13][%mdl 32768] Weighted Error Value: White=0.41/Black=0.41. Loss on time!?} 1-0

[Event "FIDE WSCC 65 2022"]
[Site "Assisi"]
[Date "2022.11.25"]
[Round "10.14"]
[White "Thuesen, Mogens"]
[Black "Kierzek, Matthias"]
[Result "1-0"]
[ECO "B10"]
[WhiteElo "2115"]
[BlackElo "2237"]
[Annotator "TA"]
[PlyCount "41"]
[EventDate "2022.11.14"]
[EventType "swiss"]
[EventCountry "ITA"]
[SourceTitle "playchess.com"]
[Source "ChessBase"]
[SourceQuality "1"]
[TimeControl "40/5400+30:1800+30"]

1. e4 c6 2. d3 d5 3. Nf3 dxe4 4. dxe4 Qxd1+ 5. Kxd1 Nf6 6. Nbd2 {[%emt 0:00:08] B10: Caro-Kann: 2 d3 and 2 c4.} g6 7. Ne5 Be6 {[%emt 0:06:52] [#]} 8. a4 $146 {[%emt 0:04:50][%cal Ba2a4,Ba4a5][%mdl 32] White has an edge.} ({Predecessor:} 8. f3 Bh6 9. Ndc4 Bxc1 10. Kxc1 Nbd7 11. a4 a5 12. b3 Nxe5 13. Nxe5 Nd7 14. Nd3 {0-1 (40) Sanal,V (2601)-Grischuk,A (2764) Chess.com INT 2022}) 8... Bg7 9. Nd3 O-O 10. a5 Na6 11. Nf4 Ng4 12. Bxa6 Nxf2+ (12... bxa6 $11 {remains equal.} 13. Ke2 Bc8) 13. Ke2 $16 {[%emt 0:00:06] [#] And now Nxe6 would win.} Nxh1 14. Bxb7 {[%emt 0:00:07][%cal Of4e6] Black must now prevent Nxe6!} Rad8 $2 {[%emt 0:11:53] Loses the game.} (14... Bg4+ $1 $14 15. Kf1 Rab8 16. Bxc6 Bxb2 17. Bxb2 Rxb2) 15. Nxe6 $18 fxe6 16. Nf3 Bd4 $2 {[%emt 0:03:13] [#]} (16... Nf2 {might work better.}) 17. c3 ({Less strong is} 17. Bxc6 Rd6 18. Nxd4 Rxd4 $18) (17. Bh6 Bg7 $18) 17... Nf2 (17... Bc5 $142 18. b4 (18. Bxc6 Rd6 $18) 18... Nf2 19. Bxc6 (19. bxc5 Nxe4 20. Ra3 Nxc5 $18) 19... Rd6) 18. Nxd4 {[%emt 0:08:03] White is clearly winning.} Nxe4 19. Be3 (19. Nxe6 Rf2+ 20. Ke1 Rd6 $18) 19... Nc5 20. a6 Rd6 21. Ra5 {[%emt 0:02:15] Inhibits e5.   Weighted Error Value: White=0.03 (flawless) /Black=0.78} ({Weaker is} 21. Bxc6 e5 $18) 1-0

[Event "FIDE WSCC 65 2022"]
[Site "Assisi"]
[Date "2022.11.25"]
[Round "10.15"]
[White "Ubezio, Marco"]
[Black "De Jong, Tom"]
[Result "1-0"]
[ECO "A30"]
[WhiteElo "2070"]
[BlackElo "2216"]
[Annotator "TA"]
[PlyCount "57"]
[EventDate "2022.11.14"]
[EventType "swiss"]
[EventCountry "ITA"]
[SourceTitle "playchess.com"]
[Source "ChessBase"]
[SourceQuality "1"]
[TimeControl "40/5400+30:1800+30"]

1. d4 d5 2. Nf3 c5 3. c4 e6 4. g3 Nc6 5. Bg2 dxc4 6. Qa4 {[%emt 0:01:10] A30: Symmetrical English: Double Fianchetto and Hedgehog.} Bd7 (6... cxd4 {is interesting.} 7. Nxd4 Qxd4 8. Bxc6+ Bd7) 7. Qxc4 Nf6 8. dxc5 {[%emt 0:03:11] The position is equal.} Qa5+ 9. Nc3 Qxc5 10. Qxc5 Bxc5 11. a3 Rc8 12. O-O O-O {[%emt 0:00:50] [#]} 13. Rd1 $146 ({Predecessor:} 13. b4 Be7 14. Bb2 Rfd8 15. Rfd1 Be8 16. h3 h6 17. e3 Kf8 18. Kf1 b6 19. Rac1 a5 20. b5 {0-1 (27) Hladik,J (2191)-Grustik,R (2268) Czech Republic 2008}) 13... h6 14. Bf4 Rfd8 15. Bd6 Bxd6 16. Rxd6 Kf8 (16... Be8 {simplifies} 17. Rxd8 Rxd8 18. e3 g5) 17. Rad1 Ke7 18. Nd4 $2 Ne5 {[%emt 0:13:25] [#] aiming for ...Nc4.} 19. Bxb7 Kxd6 $2 (19... Rxc3 $17 20. bxc3 Kxd6 21. Nc6+ Kc7 22. Nxd8 Kxd8) 20. Bxc8 $14 Rxc8 21. Nf3+ Nd5 $1 {[%emt 0:03:34] ...Nc4 is the strong threat.} 22. Ne4+ {[%emt 0:00:12][%mdl 64] [#] Deflection} Ke7 23. Nxe5 Ba4 24. Rd4 Be8 (24... Bb5 $11) 25. Rc4 $16 {[%emt 0:01:34] White is more active.} Rb8 26. b4 a5 27. bxa5 Rb1+ 28. Kg2 {[%emt 0:00:08] Hoping for Rc8.} Ra1 29. Nc6+ {[%emt 0:09:25] Weighted Error Value: White=0.18 (very precise) /Black=0.20 (precise)} (29. Rc8 $16) 1-0

[Event "FIDE WSCC 65 2022"]
[Site "Assisi"]
[Date "2022.11.26"]
[Round "11.1"]
[White "Fernandez Garcia, Jose Luis"]
[Black "Kristiansen, Jens"]
[Result "1-0"]
[ECO "B67"]
[WhiteElo "2358"]
[BlackElo "2353"]
[Annotator "TA"]
[PlyCount "119"]
[EventDate "2022.11.14"]
[EventType "swiss"]
[EventCountry "ITA"]
[SourceTitle "playchess.com"]
[Source "ChessBase"]
[SourceQuality "1"]
[TimeControl "40/5400+30:1800+30"]

1. e4 c5 2. Nf3 d6 3. d4 cxd4 4. Nxd4 Nf6 5. Nc3 Nc6 6. Bg5 e6 7. Qd2 a6 8. O-O-O Bd7 9. f4 b5 10. Nxc6 Bxc6 11. Qe3 h6 {[%emt 0:13:29] B67: Sicilian: Richter-Rauzer: 7...a6 8 0-0-0 Bd7, lines without 9 f4 Be7.} 12. Bh4 Be7 13. Bxf6 $1 {[%emt 0:05:28] [#]} Bxf6 $146 {[%emt 0:04:00] White is slightly better.} ({Predecessor:} 13... gxf6 14. f5 Qa5 15. Kb1 b4 16. Ne2 Qe5 17. Nd4 Bxe4 18. fxe6 fxe6 19. Bd3 Bxg2 {½-½ (42) Bailet,P (2426)-Vovk,A (2543) Plancoet 2012}) 14. e5 Be7 15. exd6 Bxd6 {[%emt 0:00:13] Hoping for ...Qc7.} 16. Ne4 $1 $36 {[%emt 0:00:21][%mdl 2048] White has some pressure.} Bxe4 17. Qxe4 O-O 18. Bd3 g6 19. h4 {[%emt 0:03:48] Strongly threatening h5.} Qf6 20. Rdf1 h5 (20... Qf5 $14) 21. g4 $1 $16 hxg4 22. h5 Kg7 (22... Rad8 $16 {is more resistant.}) 23. hxg6 $18 fxg6 24. Kb1 {[%emt 0:00:22] Black must now prevent Rhg1.} Bc5 $2 {[%emt 0:06:11] [#]} (24... Rad8 25. Rhg1 Rg8 26. Rxg4 Kf7) 25. Rh2 $2 (25. Rh5 $3 $18 ) 25... Rad8 $16 26. Rg2 {[%emt 0:08:31] Against g3} (26. Rfh1 Rh8 $11) 26... Rd4 27. Qe2 Rxf4 ({Black should try} 27... Rb4 $14 28. b3 Rxf4 29. Rxf4 Qxf4 30. Rxg4 (30. Qxe6 Rf5 $11) 30... Qe3) 28. Rxf4 {[%emt 0:00:26][%mdl 64] Remove Defender} Qxf4 29. Rxg4 (29. Qxe6 $2 {leads to mate.} Qf1+ $3 30. Bxf1 Rxf1+) 29... Qe3 30. Rxg6+ Kf7 {[%emt 0:00:09] aiming for ...Qxe2.} 31. Qxe3 (31. Qf1+ $16 Ke8 32. Qh1) 31... Bxe3 {[%emt 0:00:07][%mdl 4096] Endgame KRB-KRB} 32. a4 Rb8 33. Rg4 Bc5 34. axb5 axb5 35. Rg5 Be7 36. Rxb5 Rxb5 37. Bxb5 $11 {[%emt 0:00:06] KB-KB} Kf6 38. Ka2 Ke5 39. Kb3 Kd6 (39... Kd4 $11) 40. Ka4 (40. Kc4 $14) 40... Kc7 (40... Kd5 $11 {remains equal.}) 41. Ka5 Bf6 42. b4 {[%emt 0:01:53] c4 is the strong threat.} Bc3 43. Bc4 (43. Bd3 $16) 43... e5 $2 (43... Kd6 $14) 44. Bd5 (44. Bd3 $142 e4 45. Bxe4 Kd6 46. Kb5 Ke5 47. Kc4 Bd2 48. Bf3 Bh6 49. Bg4) 44... Kd6 45. Be4 Kc7 46. Kb5 Kd6 47. Bf3 $2 (47. Kc4 {mates} Bd2 48. Kb3 Kc7 49. c4 Kb6 50. c5+ Kb5 51. Bd3+ Kc6 52. Kc4) 47... Kc7 $2 (47... e4 48. Bxe4 Ke5) 48. Kc4 $18 Be1 {[%emt 0:00:19] [#]} 49. Kc5 $2 (49. Kb3 $1 $18 {and the rest is easy. And now c4 would win.} e4 50. Bh5 (50. Bxe4 Bf2 $14)) 49... Bc3 $16 50. Be4 Bd4+ 51. Kb5 {[%emt 0:04:59] Threatening mate with c4. White is more active.} Bc3 52. Bf3 {[%emt 0:00:30] Be4 would kill now.} e4 $2 (52... Kd6 $16) 53. Bxe4 {[%emt 0:00:15] White mates.} Kd6 54. Bf3 Kc7 55. Kc5 Kd7 56. b5 Kc7 57. b6+ Kb8 58. Kc6 Kc8 59. Bg4+ Kb8 60. Bf5 {[%emt 0:00:12] Weighted Error Value: White=0.49/Black=0.74} 1-0

[Event "FIDE WSCC 65 2022"]
[Site "Assisi"]
[Date "2022.11.26"]
[Round "11.2"]
[White "Nunn, John D M"]
[Black "Bogdanov, Valentin"]
[Result "1-0"]
[ECO "B31"]
[WhiteElo "2580"]
[BlackElo "2323"]
[Annotator "TA"]
[PlyCount "89"]
[EventDate "2022.11.14"]
[EventType "swiss"]
[EventCountry "ITA"]
[SourceTitle "playchess.com"]
[Source "ChessBase"]
[SourceQuality "1"]
[TimeControl "40/5400+30:1800+30"]

1. e4 c5 2. Nf3 Nc6 3. Bb5 g6 4. Bxc6 dxc6 5. d3 Bg7 6. h3 Nf6 7. Nc3 Nd7 8. Be3 e5 9. Qd2 Qe7 10. O-O Nf8 {[%emt 0:01:28] B31: Sicilian: 2...Nc6 3 Bb5 g6.} 11. Nh2 Ne6 12. Rae1 O-O {[%emt 0:03:31][%cal Oc5c4] The position is equal.} 13. Ne2 {[%emt 0:01:44] Prevents c4.} Bd7 {[%emt 0:05:58] [#]} 14. Kh1 $146 ({Predecessor:} 14. Bh6 f6 15. Bxg7 Kxg7 16. f4 exf4 17. Nxf4 Nd4 18. Nf3 b6 19. Nxd4 cxd4 20. c4 {½-½ (31) Latas,P (2248)-Evaristo,C (2254) ICCF email 2018}) 14... Rad8 15. b3 b6 16. a4 Nd4 17. Ng3 Rde8 18. Qd1 Qh4 19. Qd2 {[%emt 0:09:43] Bg5 is the strong threat.} Qd8 20. f4 (20. Bg5 $5 f6 21. Be3 $15) 20... f5 (20... Qh4 $5 21. Ne2 Bh6 $11) 21. Bxd4 cxd4 22. exf5 exf4 ({Don't take} 22... gxf5 23. Nh5 $16) 23. Rxe8 Qxe8 24. Qxf4 Bxf5 25. Nxf5 Rxf5 ({Don't do} 25... gxf5 26. Nf3 $16) 26. Qd2 Rxf1+ 27. Nxf1 $11 {[%emt 0:00:06][%mdl 4096] Endgame KQB-KQN} Qe5 28. Nh2 c5 29. Nf3 Qf5 30. Qe1 Qd7 31. Qe4 Bf6 32. Kg1 Kg7 33. Kf1 a5 34. Ke2 Qe7 35. Kd1 Qd7 {[%emt 0:02:11] Prevents Qc6.} 36. Kc1 Kf7 37. Kb2 Kg7 38. g4 {[%emt 0:01:07] White is clearly better.} Qe7 (38... h6 $16 {was necessary.} 39. h4 Qf7) 39. Qd5 {[%emt 0:00:37] And now g5 would win.} h6 {[%emt 0:00:36] [#] Prevents g5.} 40. Nd2 $1 Qc7 {[%emt 0:02:33] Against Qc6} 41. Ne4 Be7 42. Kb1 Kf8 43. Qe6 Kg7 44. Kb2 {[%emt 0:00:00] White is much more active.} Qd8 {[%emt 0:00:00] [#]} (44... Bg5 $16 {is a better defense.} 45. Qd5 Be7) 45. Qc6 $1 {[%emt 0:00:00] Weighted Error Value: White=0.04 (flawless) /Black=0.12 (very precise)} 1-0

[Event "FIDE WSCC 65 2022"]
[Site "Assisi"]
[Date "2022.11.26"]
[Round "11.3"]
[White "Renman, Nils-Gustaf"]
[Black "Birnboim, Nathan"]
[Result "1-0"]
[ECO "A53"]
[WhiteElo "2320"]
[BlackElo "2361"]
[Annotator "TA"]
[PlyCount "81"]
[EventDate "2022.11.14"]
[EventType "swiss"]
[EventCountry "ITA"]
[SourceTitle "playchess.com"]
[Source "ChessBase"]
[SourceQuality "1"]
[TimeControl "40/5400+30:1800+30"]

1. d4 d6 2. Nf3 Nf6 3. c4 Bg4 4. e3 Nbd7 5. h3 Bh5 6. Be2 e5 7. Nc3 c6 8. O-O Be7 9. b4 O-O {[%emt 0:02:50] A53: Old Indian Defence without Nf3.} 10. b5 {[%emt 0:15:30] [#]} cxb5 $146 ({Predecessor:} 10... Qc7 11. Bb2 Rfe8 12. a4 Rac8 13. Rc1 Qa5 14. Nh4 Bxe2 15. Nxe2 Bf8 16. Nf5 Qc7 17. Ba3 {1-0 (48) Arabidze,M (2438)-Pakleza,Z (2501) Chess.com INT 2021}) 11. Nxb5 e4 {[%emt 0:22:09] The position is equal.} 12. Nd2 Bxe2 13. Qxe2 Re8 14. a4 Bf8 ({Better is} 14... d5 $14) 15. Ba3 $16 Nb8 16. Rfb1 Nc6 17. Nc3 b6 18. d5 Na5 19. Bb4 Nb7 20. Nb3 a5 21. Ba3 Nd7 22. Nb5 Nbc5 23. Nxc5 (23. N3d4 $16) 23... bxc5 $14 24. Bb2 Nb8 25. Rf1 Na6 (25... Nd7 $14) 26. Bc3 {[%emt 0:00:07] White is much more active.} Nb4 27. f4 exf3 (27... Nd3 $16) 28. Rxf3 $18 (28. Qxf3 Qd7 $16) 28... Rb8 (28... Qe7 $16 29. Raf1 Rab8 30. Rxf7 Qxe3+ 31. Qxe3 Rxe3) 29. Raf1 Rb7 30. Qf2 $2 (30. Rf4 $18) 30... Nd3 $1 $14 31. Qg3 {[%emt 0:01:02] Threatens to win with Rf5.} (31. Qd2 $5 Ne5 32. Rf4 $14 (32. Bxa5 $2 Nxc4 33. Bxd8 Nxd2 $19)) 31... Ne5 $1 (31... Re4 $2 32. Rxf7 $3 Rxf7 33. Rxf7 Kxf7 34. Qf3+ $18) 32. Bxe5 (32. Rf4 {seems wilder.} g6 33. Bxe5 Rxe5 34. Rf6) 32... Rxe5 33. Qf2 Qe8 34. Qd2 g6 (34... Qd8 $11) 35. Qxa5 Rxe3 $2 {[%emt 0:01:41][%mdl 8192] [#] A mistake that costs the game.} ({Black should try} 35... Rd7 $14) 36. Nc7 $1 $18 Qe7 {[%emt 0:06:49] And now ...Rxf3 would win.} 37. Rxf7 Qxf7 38. Rxf7 Kxf7 39. Ne6 {[%emt 0:00:15] Strongly threatening Nd8+.} Rb2 (39... Rb1+ {was called for.} 40. Kf2 Re5 41. Nxf8 Rb2+ 42. Kg1 Ree2 43. Qc7+ (43. Nxh7 Rxg2+ 44. Kh1 Rh2+ 45. Kg1 Rhg2+ 46. Kh1 Rh2+ 47. Kg1 Rhg2+ $11) 43... Kxf8 44. Qxd6+ Kg8 45. Qd8+ (45. Qxc5 Rxg2+ 46. Kh1 Rh2+ 47. Kg1 Rhg2+ 48. Kh1 Rh2+ 49. Kg1 Rhg2+ $11) 45... Kg7 46. Qc7+ Kf6) 40. Qd8 Be7 41. Qh8 $1 {[%emt 0:30:06][%csl LRb2,LRh7] Weighted Error Value: White=0.16 (very precise) /Black=0.52} 1-0

[Event "FIDE WSCC 65 2022"]
[Site "Assisi"]
[Date "2022.11.26"]
[Round "11.4"]
[White "Roos, Louis"]
[Black "Legky, Nikolay A"]
[Result "0-1"]
[ECO "D02"]
[WhiteElo "2293"]
[BlackElo "2350"]
[Annotator "TA"]
[PlyCount "79"]
[EventDate "2022.11.14"]
[EventType "swiss"]
[EventCountry "ITA"]
[SourceTitle "playchess.com"]
[Source "ChessBase"]
[SourceQuality "1"]
[TimeControl "40/5400+30:1800+30"]

1. Nf3 d5 2. d4 Nf6 3. Bf4 c5 4. c3 Nc6 5. e3 e6 6. Bd3 Bd6 7. Bg3 O-O 8. Nbd2 a5 {[%emt 0:01:03] D02: 1 d4 d5 2 Nf3 sidelines, including 2...Nf6 3 g3 and 2...Nf6 3 Bf4.} (8... b6 $11) 9. a4 b6 10. Ne5 Bxe5 {[%emt 0:07:50] The position is equal.} 11. dxe5 Nd7 {[%emt 0:00:04] [#]} 12. f4 $146 (12. Qh5 g6 13. Qe2 c4 $17) ({Predecessor:} 12. Nf3 Ba6 13. Bh4 f6 14. exf6 Nxf6 15. Ng5 Bxd3 16. Qxd3 Qe8 17. Bg3 c4 18. Qc2 {½-½ (34) Jevtic,M (2001)-Matic,P (2240) Belgrade 2018}) 12... Ba6 (12... c4 $14 13. Bc2 Nc5) 13. Bxa6 $16 Rxa6 14. O-O c4 15. e4 Re8 (15... Nc5 $142) 16. Qg4 Nf8 (16... Qc8 $16) 17. Rad1 $18 {[%emt 0:06:50][%cal Od2c4] Threatens to win with Nxc4!} b5 (17... Qc7 18. exd5 exd5) 18. Kh1 ({Not} 18. axb5 Qb6+ 19. Kh1 Qxb5 $16) (18. exd5 $142 exd5 19. Ne4 $1 (19. axb5 Qb6+ 20. Rf2 Qxb5 $16)) 18... Qb8 19. Qf3 d4 20. cxd4 Nxd4 21. Qg4 Rc6 22. Bf2 (22. f5 $16) 22... Nb3 $1 $14 23. Nxb3 (23. axb5 $14 {keeps the upper hand.} Qxb5 24. Qe2) 23... cxb3 $17 24. axb5 Qxb5 {[%emt 0:00:05] ...Rc2 is the strong threat.} 25. f5 Rc2 (25... Qxe5 $2 26. Bd4 exf5 27. Rxf5 $18) 26. Bd4 Qe2 {[%emt 0:03:00] Against Rfe1. Black is more active.} 27. Qxe2 Rxe2 28. Rfe1 Rxe1+ 29. Rxe1 {[%emt 0:00:08][%mdl 4096] Endgame KRB-KRN} Rc8 ({Black should try} 29... Rd8 $1 $17 30. Bc3 a4) 30. h3 (30. Kg1 $1 $11 {keeps the balance.}) 30... Nd7 ({Black should play} 30... a4 $17) 31. Kh2 (31. Ra1 $11) 31... Kf8 32. Kg3 Rc4 33. Rd1 {[%emt 0:00:20] [#]} a4 $1 34. Rd3 Ke7 35. Kf3 Kd8 36. g4 {[%emt 0:00:32] [#]} (36. h4 $17) 36... Kc7 $1 $19 37. h4 (37. Ke3 {was called for.}) 37... Kc6 38. g5 g6 39. h5 (39. Bc3 $142 gxf5 40. exf5 exf5 41. h5) 39... Kb5 ({Inferior is} 39... exf5 40. exf5 gxf5 41. g6 hxg6 42. hxg6 fxg6 43. e6 $11) (39... gxh5 $2 {perishes.} 40. Kg3 $19) 40. Ke3 {[%emt 0:00:54] Quite a comeback for Black.   Weighted Error Value: White=0.44/Black=0.27 (precise)} 0-1

[Event "FIDE WSCC 65 2022"]
[Site "Assisi"]
[Date "2022.11.26"]
[Round "11.5"]
[White "Jurek, Josef"]
[Black "Vaisser, Anatoly"]
[Result "1/2-1/2"]
[ECO "D66"]
[WhiteElo "2211"]
[BlackElo "2463"]
[Annotator "TA"]
[PlyCount "82"]
[EventDate "2022.11.14"]
[EventType "swiss"]
[EventCountry "ITA"]
[SourceTitle "playchess.com"]
[Source "ChessBase"]
[SourceQuality "1"]
[TimeControl "40/5400+30:1800+30"]

1. Nf3 d5 2. d4 Nf6 3. c4 e6 4. Bg5 Be7 5. Nc3 Nbd7 6. e3 O-O 7. Rc1 h6 8. Bh4 c6 9. Bd3 dxc4 10. Bxc4 Nd5 11. Bg3 Nxc3 12. bxc3 c5 13. O-O Nb6 {[%emt 0:09:51] D66: Queen's Gambit Declined: Classical: Main Line (7 Rc1 c6 8 Bd3).} 14. Bd3 Bd7 15. Ne5 cxd4 {[%emt 0:02:59] White is slightly better.} 16. cxd4 {[%emt 0:01:48] [#]} Rc8 $146 ({Predecessor:} 16... Ba4 17. Qf3 Rc8 18. Qe4 f5 19. Qxb7 Rb8 20. Qxa7 Ra8 21. Qb7 Rb8 22. Qf3 Nd5 23. Ng6 Rf7 24. Bxb8 {1-0 (24) Csaba,F (1326)-Couspeyre,T (1253) LSS email 2019}) 17. Rxc8 {[%emt 0:12:32] White is much more active.} Bxc8 18. Bb1 Bd6 19. Qc2 {[%emt 0:08:29][%csl Gb1][%cal Rc2h7] [#]} f5 20. Ng6 Re8 21. Bxd6 Qxd6 22. Qb3 Bd7 23. Ne5 $36 {[%emt 0:02:43][%mdl 2048] White is pushing.} (23. Bxf5 $2 Ba4 24. Qd3 exf5 25. Qxf5 Bc6 $19) 23... Ba4 24. Qb2 Qd5 25. Rc1 Rc8 26. Rxc8+ Nxc8 27. Bd3 {[%emt 0:01:31] [#] Black must now prevent Bc4.} Nd6 {[%emt 0:03:32] Prevents Bc4.} (27... Bc6 $1 $14 28. Bf1 Qd6) 28. Qa3 $16 b5 (28... Bb5 $16) 29. Qb4 Nf7 30. Ng6 Qd6 31. Qc3 Kh7 32. Nf4 g5 33. Ne2 (33. Nh5 $18) 33... b4 $14 {[%emt 0:00:41] Inhibits g4.} 34. Qc4 (34. Qc8 $1 $14) 34... Bd7 (34... Kg7 $11) 35. Bxf5+ $16 Kg7 36. Be4 a5 37. Nc1 Qb6 38. Bc2 (38. Bf3 $16) 38... Qb5 39. Qxb5 Bxb5 40. Nb3 Ba4 (40... a4 $16 {is a better defense.}) 41. Kf1 Nd6 {[%emt 0:30:50] Weighted Error Value: White=0.20 (precise) /Black=0.24 (precise)} 1/2-1/2